 Dungeon Crawl Stone Soup version 0.31.0-12-g77e489cdc1 (webtiles) character file.

Game seed: 5667909429455749497

246 lordive the Slasher (level 5, -8/48 HPs)
             Began as a Minotaur Monk on Feb 29, 2024.
             Mangled by an ogre
             ... wielding a +0 giant club
              (25 damage)
             ... on level 4 of the Dungeon.
             The game lasted 00:01:55 (1386 turns).

lordive the Slasher (Minotaur Monk)                 Turns: 1386, Time: 00:01:56

Health: -8/48      AC:  6    Str: 15    XL:     5   Next: 84%
Magic:  4/4        EV: 12    Int:  7    God:
Gold:   88         SH:  0    Dex: 15    Spells: 4/4 levels left

rFire   . . .        b - +0 long sword
rCold   . . .        d - orb {light}
rNeg    . . .        e - +0 ring mail
rPois   .            (helmet restricted)
rElec   .            (no cloak)
rCorr   .            h - +0 pair of gloves
SInv    .            (no boots)
Will    .....        (no amulet)
Stlth   +            (no ring)
HPRegen 0.28/turn    (no ring)
MPRegen 0.09/turn

%: no passive effects
@: glowing
A: horns 2, retaliatory headbutt
a: no special abilities


You were on level 4 of the Dungeon.
You visited 1 branch of the dungeon, and saw 4 of its levels.

You collected 88 gold pieces.

Inventory:

Hand Weapons
 b - a +0 long sword (weapon)
Armour
 d - an orb of light (worn)
 e - a +0 ring mail (worn)
 h - a +0 pair of gloves (worn)
Scrolls
 f - a scroll of teleportation {unknown}
 g - a scroll of amnesia {unknown}
 l - a scroll of identify {unknown}
Potions
 a - a potion of heal wounds {unknown}
 c - a potion of ambrosia
 i - 2 potions of invisibility {unknown}
 j - a potion of might {unknown}
 k - a potion of curing {unknown}


   Skills:
 + Level 5.2 Fighting
 + Level 5.6 Long Blades
 + Level 2.5 Armour
 + Level 4.2 Dodging


You had 4 spell levels left.
You didn't know any spells.
Your spell library contained the following spells:

 Spells                   Type           Power      Damage    Failure   Level
 Magic Dart               Conj           0%         1d3       65%         1
 Jinxbite                 Hex            0%         N/A       80%         2
 Lesser Beckoning         Tloc           0%         N/A       80%         2
 Searing Ray              Conj           0%         2d4       80%         2
 Gell's Gravitas          Tloc           0%         N/A       95%         3
 Teleport Other           Tloc           0%         N/A       95%         3
 Fulminant Prism          Conj/Alch      0%         3d5       100%        4
 Yara's Violent Unravell  Hex/Alch       0%         3d3       100%        5
 Enfeeble                 Hex            0%         N/A       100%        7


Dungeon Overview and Level Annotations

Branches:
Dungeon (4/15)
 Temple: D:4-7

Altars:


Innate Abilities, Weirdness & Mutations

You have a pair of horns on your head.
You reflexively headbutt those who attack you in melee.


Message History

No target in view!
No target in view!
No target in view!
No target in view!
No target in view!
No target in view!
No target in view!
No target in view!
No target in view!
A ball python comes into view.
A ball python is nearby!
A ball python is nearby!
The ball python hisses angrily.
You see here an iguana corpse.
You slash the ball python!
You kill the ball python!
An ogre comes into view. It is wielding a +0 giant club.
The ogre shouts!
You slash the ogre!
The ogre is heavily wounded.
The ogre hits you with a +0 giant club!!
Ouch! That really hurt!
You are too injured to fight recklessly!
You are too injured to fight recklessly!
You are too injured to fight recklessly!
You are too injured to fight recklessly!
You are too injured to fight recklessly!
You are too injured to fight recklessly!
You are too injured to fight recklessly!
You are too injured to fight recklessly!
An ogre is nearby!
An ogre is nearby!
You hit the ogre.
The ogre is heavily wounded.
The ogre barely misses you.
You slash the ogre!
The ogre is almost dead.
The ogre hits you with a +0 giant club!!
Ouch! That really hurt!
You die...

##.# #...# #...# .
#...# #.. #
#####...##### #...#
##
#...........###......
.
.............@O.....#
#
#........†..###..#..#
# ####...##### .... #
#...# .#.. # #...# #
# ########...##
...†.##.....####
####)##........#
#(..........##.#


You could see an ogre.

Vanquished Creatures
  Sigmund (D:4)
  An iguana (D:4)
  A gnoll (D:1)
  An adder (D:4)
  2 dart slugs (D:2)
  3 endoplasms (D:1)
  3 giant cockroaches
  2 goblins
  6 hobgoblins
  4 kobolds (D:1)
  3 quokkas
  6 ball pythons
  6 frilled lizards
  3 rats
42 creatures vanquished.

Notes
Turn   | Place    | Note
-------+----------+-------------------------------------------
     0 | D:1      | lordive the Minotaur Monk began the quest for the Orb.
     0 | D:1      | Reached XP level 1. HP: 19/19 MP: 0/0
   247 | D:1      | Reached XP level 2. HP: 21/28 MP: 1/1
   412 | D:1      | Reached XP level 3. HP: 33/34 MP: 2/2
  1306 | D:4      | Noticed Sigmund
  1318 | D:4      | Killed Sigmund
  1319 | D:4      | Reached skill level 5 in Fighting
  1319 | D:4      | Reached skill level 5 in Long Blades
  1319 | D:4      | Reached XP level 4. HP: 33/42 MP: 3/3
  1319 | D:4      | Reached XP level 5. HP: 37/48 MP: 4/4
  1380 | D:4      | Noticed an ogre
  1386 | D:4      | Mangled by an ogre

Illustrated notes

Levels and vault maps discovered:
D:1:      nicolae_arrival_memento_mori, layout_basic
D:2:      layout_basic
D:3:      layout_basic, hellmonk_ecumenical_altar_dog_temple
D:4:      layout_loops_cross, trog_book, nicolae_shop_i_like_big_books,
          uniq_sigmund, uniq_crazy_yiuf_cottage

Skill      XL: |  1  2  3 |
---------------+----------+-----
Fighting       | 4 5 |  5.2
Long Blades    | 4 5 |  5.6
Armour         | 2 |  2.5
Dodging        | 4 |  4.2

Action                     |  1- 3 |  4- 6 || total
---------------------------+-------+-------++-------
  Melee: Falchion          |    14 |       ||    14
         Headbutt          |    15 |     1 ||    16
         Long sword        |    54 |     8 ||    62
 Armour: Ring mail         |    37 |     3 ||    40
         Robe              |     2 |       ||     2
  Dodge: Dodged            |    26 |     4 ||    30
